 Dungeon Crawl Stone Soup version 0.30-a0-782-ge64f9170bb (webtiles) character file.

Game seed: 1391595745434247479

105 HoaS the Slasher (level 5, -1/38 HPs)
             Began as a Human Gladiator on Mar 8, 2023.
             Slain by Natasha (7 damage)
             ... on level 2 of the Dungeon.
             The game lasted 00:04:36 (1564 turns).

HoaS the Slasher (Human Gladiator)                  Turns: 1564, Time: 00:04:37

Health: -1/38      AC:  7    Str: 14    XL:     5   Next: 9%
Magic:  5/5        EV: 10    Int:  9    God:
Gold:   107        SH:  0    Dex: 16    Spells: 4/4 levels left

rFire   . . .      SeeInvis .    a - +0 long sword
rCold   . . .      Faith    .    (no shield)
rNeg    . . .      Spirit   .    m - +0 scale mail
rPois   .          Reflect  .    c - +0 helmet
rElec   .          Harm     .    (no cloak)
rCorr   .          Rampage  .    (no gloves)
Will    .....                    (no boots) Stlth
                                 (no amulet)
HPRegen 0.26/turn                (no ring)
MPRegen 0.09/turn                (no ring)

@: slowed, very slow
A: no striking features
a: no special abilities


You were on level 2 of the Dungeon.
You visited 1 branch of the dungeon, and saw 2 of its levels.

You collected 107 gold pieces.

Inventory:

Hand Weapons
 a - a +0 long sword (weapon)
Missiles
 d - 3 throwing nets (quivered)
 e - a javelin
Armour
 c - a +0 helmet (worn)
 m - a +0 scale mail (worn)
Scrolls
 g - a scroll of teleportation
 i - a scroll of identify
 l - 2 scrolls of blinking
Potions
 b - a potion of lignification {unknown}
 f - a potion of resistance
 h - 2 potions of heal wounds
 j - a potion of curing {unknown}


   Skills:
 - Level 2.0 Fighting
 + Level 5.4 Long Blades
 - Level 2.0 Throwing
 - Level 3.0 Dodging


You had 4 spell levels left.
You didn't know any spells.
Your spell library was empty.

Dungeon Overview and Level Annotations

Branches:
Dungeon (2/15)

Altars:
Zin

Annotations:
D:2 Natasha


Message History

Natasha is almost dead.
Natasha stares at you and mumbles some strange words.
The magic dart hits you.
* * * LOW HITPOINT WARNING * * *
The white imp hits you but does no damage.
Natasha claws you but does no damage.
You closely miss Natasha.
Natasha is almost dead.
The white imp hits you but does no damage.
Natasha closely misses you. The white imp barely misses you.
Natasha closely misses you.
You hit Natasha.
Natasha is almost dead.
The white imp closely misses you.
Natasha mumbles some strange words.
The white imp shouts, "Fly, thou clouted fen-sucked zombie-fodder!"
The white imp gestures at you. The puff of frost hits you.
* * * LOW HITPOINT WARNING * * *
You barely miss Natasha.
Natasha is almost dead.
Natasha claws you.
* * * LOW HITPOINT WARNING * * *
The white imp gestures at you. The puff of frost misses you.
The puff of frost misses Natasha.
Natasha claws you but does no damage.
You barely miss Natasha.
Natasha is almost dead.
The white imp closely misses you. The shadow imp barely misses you.
Natasha claws you but does no damage. The white imp closely misses you.
The shadow imp gestures at you.
You barely resist.
Natasha casts a spell.
You closely miss Natasha.
Natasha is almost dead.
The white imp hits you but does no damage.
The shadow imp hits you.
* * * LOW HITPOINT WARNING * * *
Natasha claws you!
You die...

###.###.##.#.#.#.##.#.##.#
#...#...##...#........##.#
######...#.#.##.#...[..#.#....#
...........>....#.#..!...#.##.#
###.#######..##........#...# #
..#.#####....##.#.##.#.#.#.##.
#.#.#....<...............#...
..#.#.#####..##.###5##.#.#.##.
..#.#.# #......5@h....?....#
......# #....####5###.##.#.#
..#.#####....####.###.##.#.##.#
..#.#.........................#
....#.###.......#####.#########
.####.........#.###...#
.............##.#^..###
#.....#....####.#.###
....#.#)##.# #...#


You could see an iron imp (summoned), Natasha, a white imp (summoned) and a
shadow imp (summoned).

Vanquished Creatures
  Jessica (D:2)
  Natasha (D:2)
  3 dart slugs (D:2)
  3 endoplasms (D:2)
  5 giant cockroaches
  5 hobgoblins
  A jackal (D:2)
  A quokka (D:2)
  7 ball pythons
  5 bats
  3 frilled lizards (D:2)
  3 goblins
  5 kobolds
  7 rats
50 creatures vanquished.

Notes
Turn   | Place    | Note
-------+----------+-------------------------------------------
     0 | D:1      | HoaS the Human Gladiator began the quest for the Orb.
     0 | D:1      | Reached XP level 1. HP: 16/16 MP: 1/1
   128 | D:1      | Reached XP level 2. HP: 20/22 MP: 2/2
   578 | D:1      | Found a faded altar of an unknown god.
   757 | D:2      | Reached skill level 4 in Long Blades
   757 | D:2      | Reached XP level 3. HP: 23/27 MP: 3/3
   881 | D:2      | Noticed Jessica
   884 | D:2      | Killed Jessica
   885 | D:2      | Reached XP level 4. HP: 33/33 MP: 4/4
   939 | D:2      | Found a glowing silver altar of Zin.
  1098 | D:2      | Reached skill level 5 in Long Blades
  1238 | D:2      | Noticed Natasha
  1299 | D:2      | Killed Natasha
  1300 | D:2      | Reached XP level 5. HP: 33/38 MP: 5/5
  1503 | D:2      | Noticed Natasha
  1564 | D:2      | Slain by Natasha

Illustrated notes

Levels and vault maps discovered:
D:1:      dpeg_arrival_pond, layout_loops_ring, nicolae_ecumenical_lake_church
D:2:      layout_basic, basic_altar, st_stairs_5, minmay_diced_spiral,
          uniq_jessica, uniq_natasha

Skill      XL: |  1  2  3  4 |
---------------+-------------+-----
Long Blades    | 4 5 |  5.4
Fighting       | |  2.0
Throwing       | |  2.0
Dodging        | |  3.0

Action                     |  1- 3 |  4- 6 || total
---------------------------+-------+-------++-------
  Melee: Long sword        |    62 |    60 ||   122
         Punch             |     1 |     1 ||     2
         Unarmed           |       |     5 ||     5
    Use: Scroll            |     7 |     1 ||     8
   Stab: Sleeping          |     2 |       ||     2
 Armour: Leather armour    |    12 |    12 ||    24
         Scale mail        |       |    16 ||    16
  Dodge: Dodged            |    48 |    47 ||    95

Table legend: (Time is in decaauts)
 A = Elapsed time spent in this place.
 B = Non-inter-level travel time spent in this place.
 C = Inter-level travel time spent in this place.
 D = Time resting spent in this place.
 E = Time spent auto-exploring this place.
 F = Levels seen in this place.
 G = Mean time per level.
                   A        B        C        D        E       F      G
               +--------+--------+--------+--------+--------+-----+--------+
         Total |   1562 |   1477 |     85 |     64 |    991 |   2 |  781.0 |
       Dungeon |   1562 |   1477 |     85 |     64 |    991 |   2 |  781.0 |
               +--------+--------+--------+--------+--------+-----+--------+

Top non-repeatable levels by time:
     D:1: 789 daAuts
     D:2: 773 daAuts
